 Dungeon Crawl Stone Soup version 0.23.0-42-geed6394 (webtiles) character file.

Game seed: 15119533876275050877

126 nikopol the Firebug (level 4, -1/24 HPs)
             Began as a Deep Elf Fire Elementalist on Feb 28, 2019.
             Slain by Duvessa
             ... wielding a +0 rapier
              (6 damage)
             ... on level 4 of the Dungeon.
             The game lasted 00:06:18 (2896 turns).

nikopol the Firebug (Deep Elf Fire Elementalist)    Turns: 2896, Time: 00:06:18

Health: -1/24      AC:  4    Str:  5    XL:     4   Next: 84%
Magic:  12/12      EV: 13    Int: 21    God:
Gold:   91         SH:  4    Dex: 15    Spells: 5/11 levels left

rFire    + . .     SeeInvis .   h - +0 short sword
rCold    x . .     Gourm    .   (no shield)
rNeg     . . .     Faith    .   a - +0 robe
rPois    .         Spirit   .   q - +1 helmet
rElec    .         Reflect  +   (no cloak)
rCorr    .         Harm     .   (no gloves)
MR       .....                  (no boots)
Stlth    ++........             m - +4 amulet of reflection
HPRegen  0.08/turn              f - ring of fire
MPRegen  0.13/turn              (no ring)

@: no status effects
A: no striking features
a: no special abilities


You were on level 4 of the Dungeon.
You were not hungry.

You visited 1 branch of the dungeon, and saw 4 of its levels.

You collected 91 gold pieces.

Inventory:

Hand Weapons
 h - a +0 short sword (weapon)
Armour
 a - a +0 robe (worn)
 q - a +1 helmet (worn)
Jewellery
 f - a ring of fire (left hand)
 m - a +4 amulet of reflection (around neck)
 p - an uncursed ring of poison resistance {unknown}
 r - an uncursed ring of ice {unknown}
Scrolls
 d - 4 scrolls of identify {unknown}
 e - a scroll of blinking {unknown}
 g - a scroll of enchant weapon {unknown}
 j - 3 scrolls of teleportation {unknown}
 k - 3 scrolls of remove curse {unknown}
 l - a scroll of immolation {unknown}
 n - a scroll of amnesia {unknown}
Potions
 b - 3 potions of curing {unknown}
 i - 4 potions of heal wounds {unknown}
 o - 3 potions of resistance {unknown}
Comestibles
 c - 3 rations
 s - a chunk of flesh


   Skills:
 + Level 3.0 Dodging
 + Level 2.7 Stealth
 + Level 4.2 Spellcasting
 + Level 2.8 Conjurations
 + Level 4.5 Fire Magic


You had 5 spell levels left.
You knew the following spells:

 Your Spells              Type           Power        Failure   Level  Hunger
a - Flame Tongue          Conj/Fire      ####.        2%          1    None
b - Throw Flame           Conj/Fire      ####..       4%          2    #......
c - Conjure Flame         Conj/Fire      ####....     8%          3    ###....

Your spell library contained the following spells:

 Spells                   Type           Power        Failure   Level  Hunger
 Inner Flame              Hex/Fire       ###.....     14%         3    ###....
 Sticky Flame             Conj/Fire      ####....     26%         4    ####...
 Fireball                 Conj/Fire      ####......   58%         5    ######.


Dungeon Overview and Level Annotations

Branches:
Dungeon (4/15)
 Temple: D:4-7

Altars:
Dithmenos
Hepliaklqana
Uskayaw

Annotations:
D:4 Dowan, Duvessa, Pikel


Message History

Found a scroll labeled HUROKU HOSIL.
An orc priest and an orc wizard come into view.
The orc priest shouts!
The orc wizard shouts!
You hear a shout!
You block Duvessa's attack.
The orc wizard moves out of view.
An orc comes into view. It is wielding a +0 short sword.
A bullfrog comes into view.
A worm comes into view.
The orc priest closely misses you. You block the hound's attack.
Duvessa hits you with a +0 rapier!
* * * LOW HITPOINT WARNING * * *
The orc wizard hits you but does no damage.
You block Duvessa's attack.
Found 12 gold pieces.
The orc wizard casts a spell.
The orc wizard flickers and vanishes!
Deactivating autopickup; reactivate with Ctrl-A.
The bullfrog misses you.
Duvessa gestures with her weapon.
Duvessa hits you with a +0 rapier.
You die...

. .... .# ...# .
##w###..# #.#
..#...# #... $.
##.#...# #...#
#.#.#....# #...#
#.?.#.o.# ##...#
##Fso.# ##...#
#@e#..###...#
#......##h.#...#
#########......#
#......##
#........##
#..........###
#...##........##
#..#
##....l...##
#..# #..........


You could see Duvessa, a bullfrog, an orc priest, an orc and a giant cockroach.

Vanquished Creatures
  4 gnolls
  An adder (D:4)
  3 worms (D:2)
  2 dart slugs (D:2)
  3 leopard geckos
  3 orcs (D:2)
  A ball python (D:2)
  4 giant cockroaches
  3 goblins
  8 hobgoblins
  6 jackals
  5 bats (D:1)
  5 frilled lizards
  6 kobolds
  6 rats
60 creatures vanquished.

Notes
Turn   | Place    | Note
-------+----------+-------------------------------------------
     0 | D:1      | nikopol the Deep Elf Fire Elementalist began the quest for
                  | the Orb.
     0 | D:1      | Reached XP level 1. HP: 10/10 MP: 6/6
   417 | D:1      | Reached XP level 2. HP: 14/15 MP: 5/8
   971 | D:2      | Reached XP level 3. HP: 19/19 MP: 3/10
   975 | D:2      | Learned a level 2 spell: Throw Flame
   979 | D:2      | Learned a level 3 spell: Conjure Flame
   989 | D:2      | Found a shadowy altar of Dithmenos.
  1178 | D:2      | Found a hazy altar of Hepliaklqana.
  1831 | D:3      | Reached XP level 4. HP: 24/24 MP: 8/11
  2059 | D:3      | Found a hide-covered altar of Uskayaw.
  2059 | D:3      | Noticed a +0 dagger
  2059 | D:3      | Noticed a +0 dagger
  2428 | D:4      | Noticed Pikel
  2428 | D:4      | Noticed a slave
  2428 | D:4      | Noticed a slave
  2428 | D:4      | Noticed a slave
  2874 | D:4      | Noticed Duvessa
  2874 | D:4      | Noticed Dowan
  2892 | D:4      | Noticed a bullfrog
  2896 | D:4      | Slain by Duvessa

Skill      XL: |  1  2  3  4 |
---------------+-------------+-----
Fire Magic     | 4 |  4.5
Dodging        | 3 |  3.0
Spellcasting   | 4 |  4.2
Conjurations   | 2 |  2.8
Stealth        | |  2.7

Action                   |  1- 3 |  4- 6 || total
-------------------------+-------+-------++-------
Melee: Short sword       |     1 |       ||     1
 Cast: Flame Tongue      |    79 |    26 ||   105
       Throw Flame       |       |     4 ||     4
       Conjure Flame     |       |     1 ||     1
  Eat: Chunk             |     2 |     4 ||     6
Armor: Robe              |     2 |     6 ||     8
Dodge: Dodged            |    25 |    13 ||    38
Block: Other             |       |     9 ||     9
